 Dungeon Crawl Stone Soup version 0.28-a0-1613-gdaab1c2f9b (webtiles) character file.

Game seed: 2647316431608004784

102 issech the Cudgeller (level 4, -6/44 HPs)
             Began as a Troll Fighter on Jan 21, 2022.
             Was a Believer of Cheibriados.
             Mangled by an ogre (24 damage)
             ... on level 3 of the Dungeon.
             The game lasted 00:05:39 (1517 turns).

issech the Cudgeller (Troll Fighter)                Turns: 1517, Time: 00:05:39

Health: -6/44      AC:  4    Str: 29    XL:     4   Next: 49%
Magic:  3/3        EV:  9    Int:  9    God:    Cheibriados [**....]
Gold:   147        SH:  8    Dex: 16    Spells: 3/3 levels left

rFire   . . .      SeeInvis .   s - +0 mace
rCold   . . .      Faith    .   c - +0 kite shield
rNeg    . . .      Spirit   .   b - +0 robe
rPois   .          Reflect  .   (helmet restricted)
rElec   .          Harm     .   (no cloak)
rCorr   .          Rampage  .   (gloves unavailable)
Will    .....                   (boots unavailable)
Stlth   ++........              (no amulet)
HPRegen 0.94/turn               (no ring)
MPRegen 0.08/turn               (no ring)

@: very slow
A: large, unfitting armour, claws 3, regeneration 1, shaggy fur 1, tough skin 1
a: Renounce Religion, Bend Time


You were on level 3 of the Dungeon.
You worshipped Cheibriados.
Cheibriados was pleased with you.
You visited 1 branch of the dungeon, and saw 3 of its levels.

You collected 147 gold pieces.

Inventory:

Hand Weapons
 a - a +0 flail
 k - a +0 hunting sling
 n - a +0 dagger of flaming
 o - a +1 short sword of electrocution
 p - a +0 whip
 r - a +1 war axe of freezing
 s - a +0 mace (weapon)
Missiles
 f - 34 stones (quivered)
Armour
 b - a +0 robe (worn)
 c - a +0 kite shield (worn)
Scrolls
 e - a scroll of immolation {unknown}
 g - 4 scrolls of amnesia {unknown}
 i - a scroll of enchant weapon {unknown}
 l - a scroll of blinking {unknown}
Potions
 d - a potion of might
 h - a potion of flight {unknown}
 j - a potion of haste {unknown}
 m - 3 potions of curing {unknown}
 q - a potion of brilliance {unknown}


   Skills:
 + Level 2.9 Fighting
 + Level 3.1 Maces & Flails
 + Level 2.6 Dodging
 + Level 0.3 Stealth
 + Level 3.0 Shields


You had 3 spell levels left.
You didn't know any spells.
Your spell library contained the following spells:

 Spells                   Type           Power      Damage    Failure   Level
 Animate Skeleton         Necr           0%         N/A       67%         1
 Apportation              Tloc           0%         N/A       67%         1
 Summon Small Mammal      Summ           0%         N/A       67%         1


Dungeon Overview and Level Annotations

Branches:
Dungeon (3/15)

Altars:
Cheibriados

Shops:
D:2 *

Annotations:
D:3 Grinder


Innate Abilities, Weirdness & Mutations

You are too large for most types of armour.
You have claws for hands.
Your natural rate of healing is unusually fast.
You are covered in fur. (AC +1)
You have tough skin. (AC +1)


Message History

You sock the ball python!
You kill the ball python!
Cheibriados appreciates the change of pace.
You sock Grinder!
Grinder is moderately wounded.
Grinder says, "Mostly I couldn't keep them alive."
Grinder gestures at you.
You suddenly lose the ability to move!
Grinder hits you but does no damage.
An ogre comes into view. It is wielding a +0 giant spiked club.
You can move again.
You barely miss Grinder.
Grinder is moderately wounded.
Grinder hits you. x2; You writhe in agony.
You barely miss Grinder.
Grinder is moderately wounded.
Grinder blinks!
Grinder says, "Just stop there for a second..."
Things that are here:
a +0 dagger; a rat corpse You hit the ogre.
The ogre is lightly wounded.
You block the ogre's attack.
You hit the ogre.
The ogre is moderately wounded.
Grinder gestures at you. Pain shoots through your body!
The ogre hits you with a +0 giant spiked club!
Grinder hits you.
You writhe in agony.
Grinder gestures at you. Pain shoots through your body!
* * * LOW HITPOINT WARNING * * *
Grinder hits you but does no damage. Grinder gestures at you.
Pain shoots through your body!
* * * LOW HITPOINT WARNING * * *
Grinder blinks!
The ogre hits you with a +0 giant spiked club!!
Ouch! That really hurt!
You die...

#.## #.# #.# #.#
####.#### #.......#
#.. ##.###.## ...
#.O.##.# #.#
##@###.# #.. #.# #.#
#.# # #..## #.# #.#
#.## #.#...#
#<####.###..#
#.#.#.#
#.##........#
.....###)##.###.####
#...##.....# #...
#...##)###.###.###
#####..............#


You could see an ogre.

Vanquished Creatures
  A jelly (D:2)
  2 adders
  2 worms
  A dart slug (D:1)
  3 ball pythons
  10 endoplasms
  2 giant cockroaches
  A hobgoblin (D:1)
  9 kobolds
  A quokka (D:1)
  2 bats
  6 frilled lizards
  4 goblins
  3 rats
47 creatures vanquished.

Vanquished Creatures (others)
  6 fungi (D:2)
  9 toadstools (D:2)
15 creatures vanquished.

Grand Total: 62 creatures vanquished

Notes
Turn   | Place    | Note
-------+----------+-------------------------------------------
     0 | D:1      | issech the Troll Fighter began the quest for the Orb.
     0 | D:1      | Reached XP level 1. HP: 22/22 MP: 0/0
   193 | D:1      | Reached XP level 2. HP: 24/29 MP: 1/1
   271 | D:1      | Found a faded altar of an unknown god.
   277 | D:1      | Prayed at the altar of an unknown god.
   277 | D:1      | Became a worshipper of Cheibriados the Contemplative
   277 | D:1      | Reached * piety under Cheibriados
   785 | D:2      | Reached XP level 3. HP: 32/36 MP: 2/2
   820 | D:2      | Found Coiqesi's General Store.
  1039 | D:2      | Reached ** piety under Cheibriados
  1040 | D:2      | Reached XP level 4. HP: 38/44 MP: 3/3
  1485 | D:3      | Noticed Grinder
  1487 | D:3      | Paralysed by Grinder for 4 turns
  1500 | D:3      | Paralysed by Grinder for 2 turns
  1501 | D:3      | Noticed an ogre
  1517 | D:3      | Mangled by an ogre

Illustrated notes

Levels and vault maps discovered:
D:1:      dpeg_arrival_snail, layout_basic, basic_ecumenical_altar
D:2:      cheibrodos_fertilizer, layout_rooms, serial_shops,
          nicolae_square_shop, serial_bayou_lake_a
D:3:      layout_loops_ring, serial_shops, shop_coins, grunt_decor_fettered,
          minmay_misc_feat_pillars, grunt_ministairs_14, uniq_ijyb,
          uniq_natasha, uniq_grinder

Skill      XL: |  1  2  3  4 |
---------------+-------------+-----
Maces & Flails | 2 3 |  3.1
Shields        | 3 |  3.0
Fighting       | |  2.9
Dodging        | |  2.6
Stealth        | |  0.3

Action                   |  1- 3 |  4- 6 || total
-------------------------+-------+-------++-------
Melee: Flail             |    88 |    11 ||    99
       Mace              |       |    30 ||    30
Armor: Robe              |    32 |    19 ||    51
Dodge: Dodged            |    29 |     5 ||    34
Block: Kite shield       |    37 |    14 ||    51

Table legend: (Time is in decaauts)
 A = Elapsed time spent in this place.
 B = Non-inter-level travel time spent in this place.
 C = Inter-level travel time spent in this place.
 D = Time resting spent in this place.
 E = Time spent auto-exploring this place.
 F = Levels seen in this place.
 G = Mean time per level.
                   A        B        C        D        E       F      G
               +--------+--------+--------+--------+--------+-----+--------+
         Total |   2073 |   1967 |    106 |      0 |   1114 |   3 |  691.0 |
       Dungeon |   2073 |   1967 |    106 |      0 |   1114 |   3 |  691.0 |
               +--------+--------+--------+--------+--------+-----+--------+

Top non-repeatable levels by time:
     D:2: 967 daAuts
     D:1: 871 daAuts
     D:3: 234 daAuts
